 Dungeon Crawl Stone Soup version 0.27-a0-1245-g940ed4fa31 (webtiles) character file.

Game seed: 9099916422039505310

231 freelancePsychic the Grave Robber (level 5, 0/41 HPs)
             Began as a Demonspawn Wanderer on June 10, 2021.
             Succumbed to a scorpion's poison
             ... on level 4 of the Dungeon.
             The game lasted 00:13:36 (4936 turns).

freelancePsychic the Grave Robber (DsWn)            Turns: 4936, Time: 00:13:36

Health: 0/41       AC:  4    Str: 13    XL:     5   Next: 73%
Magic:  1/8        EV: 12    Int: 15    God:
Gold:   123        SH:  0    Dex: 11    Spells: 3/8 levels left

rFire    . . .     SeeInvis .     - Unarmed
rCold    . . .     Faith    .   (no shield)
rNeg     . . .     Spirit   .   c - +0 leather armour
rPois    .         Reflect  .   (no helmet)
rElec    .         Harm     .   k - +0 cloak
rCorr    .         Rampage  .   (no gloves)
Will     .....                  (no boots)
Stlth    +.........             (no amulet)
HPRegen  0.13/turn              (no ring)
MPRegen  0.11/turn              (no ring)

@: mighty, lethally poisoned (0 -> -15), very slightly contaminated, hasted,
very quick
A: claws 1, spiny 1, demonic magic 1
a: no special abilities


You were on level 4 of the Dungeon.
You visited 1 branch of the dungeon, and saw 4 of its levels.

You collected 123 gold pieces.

Inventory:

Hand Weapons
 a - a +0 club
Armour
 c - a +0 leather armour (worn)
 d - a +0 robe
 k - a +0 cloak (worn)
Jewellery
 e - a ring of wizardry
 i - a ring of fire
Scrolls
 b - a scroll of teleportation {@r4}
 g - a scroll of noise {unknown}
 l - a scroll of immolation {unknown}


   Skills:
 + Level 3.4 Fighting
 - Level 1.0 Polearms
 - Level 1.1 Armour
 - Level 3.0 Dodging
 - Level 1.0 Stealth
 * Level 1.5 Unarmed Combat
 - Level 2.0 Spellcasting
 + Level 3.4 Necromancy
 - Level 2.0 Evocations


You had 3 spell levels left.
You knew the following spells:

 Your Spells              Type           Power      Damage    Failure   Level
a - Magic Dart            Conj           4%         1d3       28%         1
b - Pain                  Necr           44%        1d6       7%          1
c - Vampiric Draining     Necr           5%         2d6       21%         3

Your spell library contained the following spells:

 Spells                   Type           Power      Damage    Failure   Level
 Animate Skeleton         Necr           22%        N/A       7%          1
 Sublimation of Blood     Necr           5%         N/A       11%         2
 Corpse Rot               Necr/Air       N/A        N/A       22%         2
 Blink                    Tloc           N/A        N/A       38%         2
 Call Imp                 Summ           1%         N/A       38%         2
 Slow                     Hex            1%         N/A       38%         2
 Conjure Flame            Conj/Fire      1%         6-21      63%         3
 Mephitic Cloud           Conj/Pois/Air  1%         N/A       63%         3
 Animate Dead             Necr           5%         N/A       56%         4
 Agony                    Necr           11%        N/A       88%         5


Dungeon Overview and Level Annotations

Branches:
Dungeon (4/15)
 Temple: D:4-7

Altars:
Ashenzari

Shops:
D:1 *[   D:2 =

Annotations:
D:3 Edmund
D:4 Robin


Innate Abilities, Weirdness & Mutations

You have sharp fingernails.
You are partially covered in sharp spines.
Spells you cast may paralyse adjacent enemies.


Message History

The helpless scorpion fails to defend itself.
You scratch the scorpion but do no damage.
The scorpion is moderately wounded.
You feel sick.
The helpless scorpion fails to defend itself.
You scratch the scorpion.
The scorpion is heavily wounded.
You feel sick.
The helpless scorpion fails to defend itself.
You scratch the scorpion.
The scorpion is heavily wounded.
You feel sick.
The scorpion is no longer paralysed.
The scorpion stings you.
You are more poisoned.
The scorpion poisons you! The scorpion completely misses you.
You feel very sick.
Casting: Pain (safe; 7% risk of failure)
Confirm with . or Enter, or press ? or * to list all spells.
Aiming: Magic Dart (safe; 28% risk of failure)
Press: ? - help, Shift-Dir - straight line, f/p - scorpion
Aim: a scorpion (heavily wounded, 100% to hit)
You miscast Magic Dart.
You are very lightly contaminated with residual magic.
Nothing appears to happen.
You feel very sick. The scorpion misses you.
You feel sick. The scorpion stings you!
* * * LOW HITPOINT WARNING * * *
You are lethally poisoned!
The scorpion poisons you!
There is a stone staircase leading up here.
It was a potion of might.
You feel very mighty all of a sudden.
* * * LOW HITPOINT WARNING * * *
You feel very sick. The jackal is struck by your spines.
The jackal barely misses you.
The scorpion stings you but does no damage.
The jackal bites you.
* * * LOW HITPOINT WARNING * * *
It was a potion of haste.
You feel yourself speed up.
You die...

#. .. # #. .# ### .##.###
. #.. ?..... .# ##.## #
#.#.##... #>..#
#Z##....>.#. #...#
#...<....... #†@.#
#####.##.##.# h
#hs.#......÷...# #
....###.................#
# #.....(.......####.##.#
.... ............###..
... #.#. ##).........# #.
### # ######.....# . #
#........ # #....#...


You could see a scorpion and a jackal.

Vanquished Creatures
  A jelly (D:3)
  11 adders
  An adder zombie (D:3)
  A worm (D:3)
  2 dart slugs (D:2)
  3 orcs (D:3)
  5 bats
  7 endoplasms
  4 giant cockroaches
  14 goblins
  8 hobgoblins
  5 jackals
  7 kobolds
  3 quokkas
  9 ball pythons
  5 frilled lizards
  3 rats
89 creatures vanquished.

Notes
Turn   | Place    | Note
-------+----------+-------------------------------------------
     0 | D:1      | freelancePsychic the Demonspawn Wanderer began the quest
                  | for the Orb.
     0 | D:1      | freelancePsychic set off with the following items: a +0
                  | club, a potion of curing {@q1}, a +0 robe; and the
                  | following spell memorised: Magic Dart; and the following
                  | spells available to memorise: Sublimation of Blood, Corpse
                  | Rot, Blink, Call Imp, Slow, Conjure Flame, Mephitic Cloud
     0 | D:1      | Reached XP level 1. HP: 15/15 MP: 3/3
     5 | D:1      | Learned a level 1 spell: Pain
   322 | D:1      | Found Wen Ciafuju's Assorted Antiques.
   521 | D:1      | Gained mutation: Spells you cast may paralyse adjacent
                  | enemies. [demonic ancestry]
   521 | D:1      | Reached XP level 2. HP: 18/21 MP: 1/5
   931 | D:3      | Reached skill level 1 in Dodging
  1013 | D:3      | Reached skill level 1 in Armour
  1670 | D:3      | Reached XP level 3. HP: 26/27 MP: 6/6
  2374 | D:2      | Gained mutation: You are partially covered in sharp spines.
                  | [demonic ancestry]
  2374 | D:2      | Reached XP level 4. HP: 33/34 MP: 5/7
  2838 | D:2      | Found a broken altar of Ashenzari.
  2865 | D:2      | Found Diqu's Jewellery Boutique.
  3162 | D:1      | Gained mutation: You have sharp fingernails. [demonic
                  | ancestry]
  3162 | D:1      | Reached XP level 5. HP: 40/41 MP: 6/8
  3644 | D:1      | Found Manah's Armour Emporium.
  3892 | D:2      | Learned a level 3 spell: Vampiric Draining
  3954 | D:4      | Noticed Edmund
  3986 | D:4      | Noticed Robin
  4369 | D:3      | Reached skill level 1 in Unarmed Combat
  4935 | D:4      | HP: 2/41 [jackal (2)]
  4936 | D:4      | Succumbed to a scorpion's poison

Illustrated notes

Levels and vault maps discovered:
D:1:      evilmike_arrival_plus, layout_loops_corners, serial_shops, shop,
          nicolae_shop_overgrown_old_shop
D:2:      layout_rooms, serial_shops, shop_fountains, basic_altar, st_stairs_11
D:3:      layout_basic, minivault_25
D:4:      layout_loops_cross, nicolae_overflow_crystal_walls,
          minmay_temple_entry_ruins, minmay_tree_intersection, uniq_robin,
          uniq_edmund

Skill      XL: |  1  2  3  4  5 |
---------------+----------------+-----
Dodging        | 1 2 3 |  3.0
Armour         | 1 |  1.1
Fighting       | 2 3 |  3.4
Unarmed Combat | 1 |  1.5
Polearms       | |  1.0
Stealth        | |  1.0
Spellcasting   | |  2.0
Necromancy     | |  3.4
Evocations     | |  2.0

Action                   |  1- 3 |  4- 6 || total
-------------------------+-------+-------++-------
Melee: Club              |    27 |       ||    27
       Dagger            |    49 |    34 ||    83
       Unarmed           |       |    14 ||    14
 Cast: Pain              |    44 |    47 ||    91
       Magic Dart        |     6 |     1 ||     7
  Use: Potion            |     2 |     2 ||     4
       Scroll            |       |     1 ||     1
 Stab: Paralysed         |    27 |    19 ||    46
       Sleeping          |     1 |     2 ||     3
Armor: Leather armour    |    36 |    28 ||    64
Dodge: Dodged            |    72 |    50 ||   122

Table legend: (Time is in decaauts)
 A = Elapsed time spent in this place.
 B = Non-inter-level travel time spent in this place.
 C = Inter-level travel time spent in this place.
 D = Time resting spent in this place.
 E = Time spent auto-exploring this place.
 F = Levels seen in this place.
 G = Mean time per level.
                   A        B        C        D        E       F      G
               +--------+--------+--------+--------+--------+-----+--------+
         Total |   4956 |   4645 |    311 |   1103 |   2704 |   4 | 1239.0 |
       Dungeon |   4956 |   4645 |    311 |   1103 |   2704 |   4 | 1239.0 |
               +--------+--------+--------+--------+--------+-----+--------+

Top non-repeatable levels by time:
     D:3: 2399 daAuts
     D:1: 1456 daAuts
     D:2: 1017 daAuts
     D:4: 84 daAuts
